Map: Simulacrum LE

Players

Bunny - Winner!

  • Race: Terran Terran
  • League: Diamond
  • Spawn Location: 5:00

PtitDrogo

  • Race: Protoss Protoss
  • League: Grandmaster
  • Spawn Location: 11:00

VOD

Have the link to the VOD?

Description

Time

  • Played on: Jan. 14, 2020, 1:19 p.m.
  • Length: 22:44
Show
View Real Time Build Order
Export as new Build Order

Bunny Terran - Winner!

Build Orders: Reaper Expand 

Get SALT Encoding   

  12  0:01  SCV  
  13  0:13  SCV  
  14  0:17  Supply Depot  
  14  0:25  SCV  
  15  0:39  SCV  
  15  0:41  Barracks  
  16  0:44  Refinery  
  16  0:51  SCV  
  17  1:03  SCV  
  18  1:15  SCV  
  19  1:27  Orbital Command  
  19  1:28  Reaper  
  20  1:42  Command Center  
  20  1:53  SCV  
  21  1:56  Supply Depot  
  21  2:00  Marine  
  22  2:06  SCV  
  23  2:11  Factory  
  23  2:18  SCV, Refinery  
  23  2:22  Barracks Reactor  
  24  2:30  SCV  
  24  2:34  Bunker  
  25  2:42  SCV  
  26  2:54  SCV, Starport  
  26  2:55  Orbital Command  
  26  2:58  Widow Mine  
  29  3:00  Marine  
  29  3:01  Orbital Command  
  29  3:02  Marine  
  31  3:06  SCV  
  32  3:18  SCV  
  32  3:19  Widow Mine  
  35  3:22  Marine x2  
  35  3:26  SCV  
  38  3:30  SCV  
  38  3:31  Medivac  
  41  3:36  Supply Depot  
  41  3:38  SCV  
  41  3:40  Marine x2  
  44  3:42  SCV  
  45  3:51  SCV  
  46  3:56  Supply Depot, Factory Tech Lab  
  46  4:00  Marine x2  
  48  4:07  SCV, Command Center  
  48  4:09  SCV, Starport Tech Lab  
  50  4:19  SCV  
  50  4:22  SCV  
  52  4:29  Raven, Supply Depot  
  54  4:31  SCV  
  54  4:36  Siege Tank  
  58  4:38  Barracks  
  58  4:41  SCV, Barracks  
  58  4:43  SCV  
  58  4:44  Marine x2  
  62  4:50  Refinery  
  62  4:52  Supply Depot  
  62  4:53  Refinery  
  62  4:57  SCV x2  
  62  5:03  Marine x2  
  62  5:09  SCV x2  
  62  5:11  Engineering Bay  
  62  5:12  Engineering Bay, Siege Tank  
  67  5:21  SCV, Starport Reactor  
  68  5:22  Orbital Command  
  68  5:25  SCV  
  69  5:29  Barracks Tech Lab  
  69  5:33  SCV  
  70  5:36  Marine x2  
  70  5:37  SCV, Stimpack  
  70  5:39  Terran Infantry Weapons Level 1  
  73  5:45  SCV  
  73  5:47  Marauder  
  73  5:48  Marauder  
  73  5:49  SCV  
  79  5:51  Siege Tank  
  79  5:53  Orbital Command  
  82  5:58  Medivac  
  82  6:00  Marine x2  
  82  6:01  SCV x2  
  88  6:07  Medivac  
  90  6:12  Supply Depot, Barracks  
  90  6:13  SCV, Barracks  
  90  6:14  SCV  
  90  6:17  Combat Shield  
  92  6:19  SCV  
  92  6:22  Refinery  
  92  6:24  Terran Infantry Armor Level 1  
  93  6:34  Marine x2, SCV x2, Marauder x2  
  101  6:41  Supply Depot  
  101  6:44  SCV  
  101  6:46  Supply Depot x3, Missile Turret  
  102  6:47  SCV x2  
  102  6:48  Missile Turret  
  102  6:52  Supply Depot  
  104  6:59  Medivac, Armory  
  104  7:00  Medivac  
  108  7:01  Barracks Tech Lab  
  108  7:02  Barracks Reactor  
  108  7:03  SCV  
  108  7:05  SCV  
  108  7:06  SCV  
  111  7:09  Refinery  
  111  7:15  Ghost Academy  
  111  7:19  SCV x3, Supply Depot  
  111  7:21  Marine x2  
  111  7:22  Concussive Shells  
  115  7:26  Marauder  
  115  7:29  Marauder  
  119  7:31  Marauder  
  119  7:34  Siege Tank  
  119  7:36  SCV  
  119  7:37  SCV x2  
  126  7:41  Medivac  
  129  7:46  Enhanced Shockwaves  
  129  7:50  Missile Turret  
  129  7:53  Supply Depot  
  129  7:55  Terran Infantry Weapons Level 2  
  129  8:03  Command Center  
  129  8:09  Viking  
  129  8:11  Viking  
  133  8:17  Ghost  
  133  8:19  Ghost  
  136  8:20  SCV x2  
  136  8:21  SCV  
  136  8:27  Ghost  
  139  8:29  Marine  
  139  8:30  Marine x3  
  139  8:32  SCV x2  
  139  8:33  SCV  
  148  8:39  Factory Reactor  
  148  8:40  Barracks  
  148  8:43  Barracks x2  
  148  8:44  Starport  
  148  8:48  Terran Infantry Armor Level 2  
  148  8:50  Marine, Missile Turret  
  148  8:51  Marine x3, Missile Turret  
  148  8:54  Ghost  
  154  8:57  SCV  
  154  8:58  SCV x2  
  154  9:02  Ghost  
  158  9:14  Ghost  
  158  9:15  Marine x4  
  164  9:22  SCV x3  
  167  9:33  Barracks Reactor, Marauder x3, Barracks Tech Lab  
  167  9:36  Marine x3  
  167  9:37  Marine, Sensor Tower, Refinery x2  
  175  9:39  Missile Turret x2, Planetary Fortress  
  175  9:43  Missile Turret  
  175  9:44  Missile Turret  
  174  9:46  SCV x3  
  174  9:52  Missile Turret  
  179  10:11  Sensor Tower  
  171  10:14  Medivac x4  
  171  10:19  Marine  
  180  10:27  Missile Turret  
  180  10:28  Missile Turret  
  180  10:31  Missile Turret  
  180  10:35  Supply Depot x2, Command Center  
  180  10:36  Supply Depot  
  180  10:38  Missile Turret  
  180  10:51  Terran Infantry Weapons Level 3  
  180  10:52  Terran Ship Weapons Level 1  
  180  10:55  Personal Cloaking  
  180  10:56  Marine x2, Ghost x3  
  188  10:57  Marauder x2  
  188  11:02  Missile Turret  
  188  11:04  Command Center  
  192  11:09  Command Center  
  192  11:18  Ghost  
  183  11:26  Terran Infantry Armor Level 3  
  183  11:28  Ghost x2, Fusion Core  
  187  11:32  Marine  
  187  11:33  Marine  
  192  11:40  Viking x4  
  197  12:12  Command Center x2  
  197  12:14  Command Center  
  197  12:15  Command Center  
  197  12:17  Viking  
  197  12:21  Nuke  
  199  12:36  Sensor Tower, Missile Turret  
  189  12:37  Missile Turret, Refinery  
  189  12:38  Missile Turret  
  189  12:39  Missile Turret, Refinery  
  189  12:42  SCV x3  
  189  12:43  SCV  
  192  12:44  Orbital Command  
  192  12:46  Orbital Command  
  170  13:01  Marauder x2  
  170  13:02  Marine x5, Marauder x3  
  184  13:08  Marine  
  181  13:13  Viking  
  181  13:14  Viking x3  
  181  13:19  Marine x2  
  188  13:20  Marine x3  
  188  13:22  Marine x2  
  172  13:41  Marauder x3  
  172  13:42  Marine x2, Marauder x2  
  172  13:45  Planetary Fortress  
  172  13:46  Marine x2  
  172  13:47  Marine  
  177  13:48  Marine  
  177  13:50  Viking x3, Orbital Command  
  183  14:00  Marine, SCV x2  
  183  14:01  SCV x2  
  188  14:07  Refinery  
  188  14:08  Orbital Command  
  188  14:12  Refinery  
  158  14:49  Marauder x4  
  158  14:51  Marine x7  
  149  14:56  Planetary Fortress  
  138  15:00  SCV x4  
  138  15:04  SCV x3  
  145  15:09  Marine x6  
  145  15:10  Marine, Marauder x4  
  145  15:12  Advanced Ballistics  
  160  15:27  Marine x2  
  157  15:29  Marauder  
  157  15:31  Marauder x2  
  157  15:32  Marauder x2  
  159  15:37  Marine x3  
  159  15:38  Marine  
  143  15:44  Marine  
  143  15:45  Marine  
  133  15:50  Viking x3  
  133  15:52  Marauder  
  128  16:05  Marauder  
  128  16:06  Marine, Marauder x3  
  128  16:07  Marine x2  
  128  16:08  Marine  
  130  16:12  Marine x2  
  130  16:13  Marauder  
  130  16:17  Viking  
  123  16:24  Marine  
  124  16:26  Ghost x3  
  124  16:29  Ghost  
  132  16:33  Marine x3, Ghost  
  137  16:42  Marine x2, Sensor Tower  
  137  16:43  Marine  
  139  16:54  Ghost  
  139  16:58  Ghost x3  
  139  17:00  Marine  
  146  17:02  Ghost  
  146  17:04  Marine x3  
  146  17:05  Marine x2  
  153  17:14  SCV x5  
  158  17:17  Marine  
  158  17:19  Missile Turret  
  158  17:20  Missile Turret  
  158  17:22  Marine  
  160  17:23  Marine x2  
  160  17:24  Marauder  
  160  17:29  Marine x2  
  165  17:33  Marine  
  167  17:42  Marauder x3  
  163  17:57  Marauder x2  
  164  18:02  Marine x6  
  164  18:03  Marauder x2  
  164  18:04  Viking x2  
  178  18:17  Command Center  
  178  18:29  Marine x2, Marauder x4  
  178  18:30  Marauder  
  190  18:36  Marine x4  
  192  18:51  Marine x2  
  192  18:52  Marine  
  195  18:58  Viking x2  
  188  19:40  Missile Turret, Command Center  
  185  19:54  Command Center  
  185  19:56  Medivac x2  
  185  19:59  Viking x2  
  193  20:03  Marauder x2  
  193  20:04  Marine, Marauder  
  199  20:11  Marine x4  
  162  20:26  Viking  
  163  20:31  Ghost  
  163  20:32  Ghost  
  163  20:34  Marine x5  
  158  20:46  Marine x2  
  158  20:47  Marine  
  161  20:50  Ghost  
  155  21:00  Ghost  
  152  21:10  Missile Turret  
Show
View Real Time Build Order
Export as new Build Order

PtitDrogo Protoss 

Build Orders: 1 Gate Expand, Zealot Archon 

Get SALT Encoding   

  12  0:00  Probe  
  13  0:13  Probe  
  14  0:17  Pylon  
  14  0:25  Probe  
  15  0:35  Gateway  
  15  0:37  Probe (Chrono Boost)  
  16  0:46  Probe (Chrono Boost)  
  16  0:47  Assimilator  
  17  0:51  Probe (Chrono Boost)  
  18  1:03  Probe  
  19  1:15  Probe  
  20  1:22  Nexus  
  20  1:34  Cybernetics Core  
  20  1:35  Probe  
  21  1:40  Assimilator  
  21  1:47  Probe  
  21  1:51  Pylon  
  22  1:59  Probe  
  23  2:07  Stalker (Chrono Boost)  
  23  2:10  Warp Gate  
  23  2:12  Probe  
  26  2:24  Probe (Chrono Boost)  
  26  2:27  Robotics Facility  
  27  2:35  Probe (Chrono Boost)  
  27  2:36  Probe (Chrono Boost)  
  29  2:37  Stalker  
  32  2:44  Probe (Chrono Boost)  
  32  2:45  Probe (Chrono Boost)  
  32  2:49  Probe (Chrono Boost)  
  33  2:51  Probe  
  35  3:01  Probe  
  35  3:03  Probe  
  37  3:10  Gateway  
  37  3:11  Gateway  
  37  3:13  Probe  
  37  3:15  Observer (Chrono Boost)  
  37  3:16  Probe  
  37  3:17  Sentry  
  42  3:22  Pylon  
  42  3:26  Probe  
  43  3:27  Assimilator  
  43  3:28  Probe (Chrono Boost), Observer (Chrono Boost)  
  43  3:31  Assimilator  
  45  3:38  Probe (Chrono Boost)  
  47  3:46  Probe (Chrono Boost)  
  47  3:48  Probe (Chrono Boost)  
  48  3:50  Observer  
  48  3:53  Probe x2 (Chrono Boost)  
  51  3:56  Nexus, Observer  
  51  4:02  Pylon  
  51  4:04  Probe x2  
  53  4:11  Pylon  
  53  4:16  Probe  
  54  4:20  Probe  
  55  4:28  Twilight Council  
  55  4:31  Stalker x2  
  59  4:32  Forge  
  59  4:35  Probe (Chrono Boost)  
  61  4:40  Pylon  
  61  4:41  Probe (Chrono Boost)  
  62  4:46  Probe (Chrono Boost)  
  62  4:50  Probe (Chrono Boost)  
  63  4:53  Protoss Ground Armor Level 1 (Chrono Boost)  
  63  4:55  Probe (Chrono Boost)  
  63  4:57  Probe (Chrono Boost)  
  63  5:01  Probe (Chrono Boost)  
  63  5:03  Probe  
  63  5:05  Charge  
  65  5:08  Templar Archives  
  65  5:09  Probe (Chrono Boost)  
  67  5:18  Probe (Chrono Boost)  
  69  5:21  Probe x2 (Chrono Boost)  
  69  5:23  Warp Prism  
  69  5:27  Probe x2 (Chrono Boost)  
  74  5:28  Probe (Chrono Boost)  
  74  5:30  Psionic Storm  
  74  5:34  Gateway  
  74  5:35  Gateway  
  74  5:36  Probe, Gateway  
  74  5:37  Probe  
  74  5:39  Probe  
  77  5:45  Assimilator  
  77  5:47  High Templar x3, Assimilator  
  77  5:48  Probe  
  77  5:49  Probe  
  85  5:53  Probe  
  86  6:00  Probe  
  86  6:03  Pylon  
  86  6:04  Gateway x2  
  87  6:07  Gateway  
  87  6:10  Pylon  
  87  6:14  Photon Cannon  
  87  6:15  Shield Battery  
  87  6:19  High Templar x2  
  87  6:22  Immortal  
  95  6:26  Probe x2  
  95  6:30  Pylon  
  95  6:32  Pylon x2  
  97  6:40  Forge  
  97  6:41  Pylon  
  97  6:43  Zealot  
  99  6:49  Protoss Ground Weapons Level 1 (Chrono Boost)  
  99  6:50  High Templar x2, Zealot  
  99  6:53  Pylon  
  105  6:58  Blink  
  105  6:59  Archon  
  105  7:01  Nexus  
  105  7:04  Pylon  
  105  7:11  Protoss Ground Armor Level 2 (Chrono Boost)  
  105  7:12  Zealot  
  105  7:13  Zealot x3  
  113  7:21  Robotics Bay  
  113  7:26  Probe x2  
  113  7:27  Probe  
  114  7:34  Immortal (Chrono Boost)  
  114  7:36  Pylon  
  118  7:38  Probe  
  118  7:39  Probe, High Templar x2, Observer  
  118  7:40  Zealot x3  
  130  7:44  Archon  
  130  7:51  Probe  
  131  7:54  Probe  
  131  7:56  Probe  
  131  7:58  Assimilator  
  133  8:00  Assimilator  
  133  8:02  Stalker x5  
  142  8:06  Zealot x2  
  146  8:14  Colossus (Chrono Boost)  
  146  8:18  Extended Thermal Lance  
  150  8:36  Shield Battery  
  150  8:37  Stalker x5  
  150  8:38  Shield Battery  
  150  8:39  Photon Cannon, Zealot  
  150  8:40  Protoss Ground Weapons Level 2 (Chrono Boost)  
  162  8:41  Observer  
  162  8:58  Colossus (Chrono Boost)  
  168  9:16  Pylon  
  167  9:17  Robotics Facility  
  167  9:18  Pylon  
  167  9:19  High Templar x2  
  167  9:20  High Templar x2, Zealot x2  
  179  9:24  Gateway  
  179  9:26  Gateway, Protoss Ground Armor Level 3 (Chrono Boost), Archon x2  
  179  9:28  Gateway  
  179  9:34  Observer  
  177  9:40  Stalker x5  
  185  9:50  Colossus (Chrono Boost)  
  189  10:00  Probe  
  189  10:01  Pylon, Nexus  
  189  10:07  High Templar x2, Zealot x5  
  186  10:10  Archon  
  196  10:33  Immortal (Chrono Boost)  
  200  10:44  Photon Cannon  
  200  10:45  Photon Cannon  
  200  10:47  Photon Cannon, Shield Battery  
  200  10:49  Stargate  
  200  10:50  Shield Battery  
  200  10:53  Photon Cannon  
  200  10:54  Pylon, Photon Cannon  
  200  10:55  Shield Battery  
  200  10:57  Protoss Ground Weapons Level 3 (Chrono Boost)  
  200  10:59  Assimilator  
  200  11:02  Assimilator  
  200  11:05  Dark Shrine  
  194  11:25  High Templar x2  
  190  11:26  Zealot x4  
  190  11:30  Archon  
  200  11:39  Fleet Beacon  
  200  11:40  Stargate, Protoss Air Weapons Level 1 (Chrono Boost)  
  200  11:44  High Templar x2, Stargate  
  200  11:47  Stargate  
  200  11:48  High Templar  
  198  12:02  Protoss Shields Level 1 (Chrono Boost)  
  198  12:17  Gateway  
  198  12:18  Gateway  
  198  12:21  Dark Templar  
  198  12:23  Gateway  
  186  13:08  Probe, Photon Cannon  
  186  13:11  Photon Cannon  
  186  13:12  Observer x2  
  189  13:13  Photon Cannon  
  178  13:59  High Templar x7  
  178  14:00  Zealot x5  
  193  14:04  Archon x2  
  193  14:05  Archon  
  176  14:24  Stalker x5  
  176  14:26  Stalker x3  
  184  14:42  Archon x2  
  184  14:43  Tempest, Zealot x7  
  184  14:44  Tempest x3  
  167  14:48  Archon  
  167  14:49  Zealot x8  
  125  14:54  Colossus x2 (Chrono Boost)  
  113  15:06  Stalker x3  
  113  15:07  Stalker x4  
  123  15:10  Protoss Shields Level 2 (Chrono Boost)  
  123  15:13  High Templar x5  
  123  15:14  High Templar x3  
  140  15:19  Archon x2  
  140  15:20  Archon  
  137  15:29  Zealot x3, Nexus  
  137  15:30  Pylon, Zealot x4  
  137  15:34  Archon  
  140  15:41  Probe  
  126  15:46  Stalker x8  
  134  15:54  Probe  
  134  15:55  Warp Prism  
  134  15:56  Immortal  
  141  16:02  Zealot x6  
  141  16:03  Zealot  
  141  16:04  Probe  
  128  16:15  Stalker  
  128  16:16  Stalker x7  
  140  16:23  Dark Templar x3  
  146  16:37  High Templar x4  
  154  16:46  Sentry  
  156  16:47  High Templar x3  
  162  16:58  Archon  
  162  17:01  Zealot x7  
  164  17:07  Assimilator  
  176  17:09  Zealot  
  176  17:11  Zealot  
  176  17:12  Assimilator  
  176  17:15  Dark Templar  
  182  17:17  Archon  
  182  17:34  High Templar x4, Zealot  
  182  17:35  Zealot x3  
  198  17:38  Archon x2  
  198  17:42  Dark Templar  
  194  17:51  Zealot x3  
  198  17:59  Observer (Chrono Boost)  
  198  18:00  Observer (Chrono Boost)  
  198  18:05  Stalker  
  200  18:34  Nexus  
  200  18:36  Assimilator  
  200  18:39  Pylon  
  196  18:53  Dark Templar x2  
  199  18:58  Photon Cannon  
  199  19:00  Shield Battery  
  199  19:01  Photon Cannon  
  198  19:03  Photon Cannon, Dark Templar  
  198  19:05  Protoss Shields Level 3 (Chrono Boost)  
  194  19:30  Observer x2  
  182  19:33  Probe  
  182  19:38  High Templar x4, Zealot x4  
  173  19:39  Zealot x7  
  183  19:49  Archon x2  
  183  19:57  Disruptor (Chrono Boost)  
  171  20:02  High Templar x2  
  171  20:03  High Templar, Zealot x7  
  171  20:04  Zealot  
  197  20:10  Disruptor (Chrono Boost)  
  197  20:13  Probe  
  192  20:14  Probe  
  192  20:16  Probe  
  184  20:25  Probe  
  184  20:28  Stalker  
  166  20:43  Observer (Chrono Boost)  
  166  20:45  Dark Templar  
  166  20:52  Pylon  
  166  20:54  Pylon x2  
  166  20:55  Pylon  
  158  21:12  Probe x2, Observer  
  130  21:51  Nexus  
  123  22:12  Nexus  
  59  22:31  Probe  
Tags
 
Add a new tag
Caveats
  • Supply blocks, unpowered buildings, or Contaminate may cause inaccurate times.
  • Supply counts are checked every 10 seconds.